 Dungeon Crawl Stone Soup version 0.21-a0-41-g5e91fef (webtiles) character file.

84 roguesci the Chiller (level 4, 0/36 HPs)
             Began as a Draconian Ice Elementalist on June 3, 2017.
             Slain by Grinder (5 damage)
             ... on level 3 of the Dungeon.
             The game lasted 00:06:10 (2584 turns).

roguesci the Chiller (Draconian Ice Elementalist)   Turns: 2584, Time: 00:06:12

Health: 0/36       AC: 10    Str: 15    XL:     4   Next: 24%
Magic:  2/7        EV: 12    Int: 16    God:
Gold:   91         SH:  0    Dex: 12    Spells: 3/7 levels left

rFire    . . .     SeeInvis .   i - +1 short sword (venom)
rCold    . . .     Gourm    .   (no shield)
rNeg     . . .     Faith    .   (armour unavailable)
rPois    .         Spirit   .   (helmet restricted)
rElec    .         Reflect  .   (no cloak)
rCorr    .         Harm     .   (no gloves)
MR       .....                  (no boots)
Stlth    ++........             (no amulet)
Regen    0.2/turn               (no ring)
MPRegen  0.1/turn               (no ring)

@: mighty, icy armour, very slightly contaminated, slow
A: unfitting armour, cold-blooded, AC +5
a: no special abilities


You were on level 3 of the Dungeon.
You were hungry.

You visited 1 branch of the dungeon, and saw 3 of its levels.

You collected 91 gold pieces.

Inventory:

Hand Weapons
 i - a +1 short sword of venom (weapon)
Missiles
 e - 37 stones (quivered)
Jewellery
 d - an uncursed ring of stealth {unknown}
Scrolls
 c - 7 scrolls of identify {unknown}
 g - 2 scrolls of teleportation {unknown}
 j - a scroll of immolation {unknown}
 k - a scroll of enchant armour {unknown}
 m - a scroll of remove curse {unknown}
 n - a scroll of amnesia {unknown}
 o - a scroll of enchant weapon {unknown}
Books
 a - a book of Frost

   Spells                             Type                      Level
   a - Freeze                         Ice                          1
   b - Throw Frost                    Conjuration/Ice              2
   c - Ozocubu's Armour               Charms/Ice                   3
   d - Throw Icicle                   Conjuration/Ice              4
   e - Summon Ice Beast               Ice/Summoning                4
Comestibles
 b - 2 bread rations
 h - a meat ration


   Skills:
 * Level 2.1 Fighting
 * Level 2.4 Dodging
 + Level 2.1 Stealth
 + Level 2.4 Spellcasting
   Level 1.0 Conjurations
 * Level 0.6 Charms
 + Level 3.4 Ice Magic


You had 3 spell levels left.
You knew the following spells:

 Your Spells              Type           Power        Failure   Level  Hunger
a - Freeze                Ice            ##..         4%          1    #......
b - Ozocubu's Armour      Chrm/Ice       #.......     26%         3    ###....


Dungeon Overview and Level Annotations

Branches:
Dungeon (3/15)

Altars:
The Shining One

Annotations:
D:3 Grinder


Innate Abilities, Weirdness & Mutations

Your plain brown scales are hard. (AC +5)
You cannot fit into any form of body armour.
You are cold-blooded and may be slowed by cold attacks.


Message History

It was a potion of might.
You feel very mighty all of a sudden. Grinder hits you.
* * * LOW HITPOINT WARNING * * *
You writhe in agony.
* * * LOW HITPOINT WARNING * * *
You hit Grinder.
Grinder is moderately wounded.
Grinder gestures at you.
You barely resist. You puncture Grinder!
Grinder is heavily wounded.
Grinder hits you but does no damage.
You are feeling hungry.
You hit Grinder.
Grinder is poisoned.
Grinder is heavily wounded.
Grinder hits you.
* * * LOW HITPOINT WARNING * * *
You writhe in agony.
You die...

.. #..#.
##..#.##
##......#
##.......#
.....##.#
#...##.#
#...##.#
+...@5.#
#...##.#
#<####'# ###
#.$.......
#........$
#.........
..........
........$..
ยง..........


You could see Grinder.

Vanquished Creatures
  2 adders (D:2)
  An ooze (D:2)
  2 worms (D:2)
  A dart slug (D:1)
  A leopard gecko (D:2)
  A giant cockroach (D:2)
  9 goblins
  7 hobgoblins
  6 jackals
  A ball python (D:2)
  5 bats
  4 frilled lizards
  6 kobolds
  5 rats
51 creatures vanquished.

Notes
Turn   | Place    | Note
-------+----------+-------------------------------------------
     0 | D:1      | roguesci the Draconian Ice Elementalist began the quest for the Orb.
     0 | D:1      | Reached XP level 1. HP: 14/14 MP: 3/3
   380 | D:1      | Reached XP level 2. HP: 10/22 MP: 0/5
  1210 | D:1      | Reached skill level 1 in Fighting
  1341 | D:1      | Reached XP level 3. HP: 23/28 MP: 6/6
  1346 | D:1      | Learned a level 3 spell: Ozocubu's Armour
  1841 | D:2      | Found a glowing golden altar of the Shining One.
  2089 | D:2      | Reached XP level 4. HP: 27/36 MP: 5/7
  2553 | D:3      | Noticed Grinder
  2566 | D:3      | Paralysed by Grinder for 3 turns
  2584 | D:3      | Slain by Grinder

Vault maps used:
D:1:      elethiomel_arrival_quiet
D:2:      nicolae_overflow_crystal_walls
D:3:      nemelex_xobeh_ov_fountains_minmay, gammafunk_temple_overflow_claw,
          lemuel_round_altar, serial_bayou, serial_bayou_lake_a,
          serial_bayou_shore_b, serial_bayou_shore_b, serial_bayou_pond_a,
          first_bread, minmay_hedge_maze, uniq_grinder, uniq_jessica

Skill      XL: |  1  2  3 |
---------------+----------+-----
Dodging        | 2 |  2.4
Fighting       | 1 2 |  2.1
Stealth        | 2 |  2.1
Spellcasting   | |  2.4
Conjurations   | |  1.0
Charms         | |  0.6
Ice Magic      | |  3.4

Action                   |  1- 3 |  4- 6 || total
-------------------------+-------+-------++-------
Melee: Unarmed           |    26 |       ||    26
       Tailslap          |     5 |     2 ||     7
       Short sword       |    53 |    28 ||    81
Throw: Stone             |     1 |     7 ||     8
 Cast: Freeze            |    31 |     7 ||    38
       Ozocubu's Armour  |       |     3 ||     3
  Use: Potion            |       |     4 ||     4
 Stab: Sleeping          |     1 |       ||     1
  Eat: Chunk             |     4 |     1 ||     5
       Fruit             |       |     1 ||     1
Armor: Skin              |    30 |     7 ||    37
Dodge: Dodged            |    77 |    15 ||    92
